 Dungeon Crawl Stone Soup version 0.32-a0-12-g7fc57aa741 (webtiles) character file.

Game seed: 10897524652962507867

8201 jasper the Fighter (level 10, -3/94 HPs)
             Began as a Demigod Conjurer on Jan 14, 2024.
             Slain by a two-headed ogre
             ... wielding a +0 giant spiked club
              (35 damage)
             ... on level 11 of the Dungeon.
             The game lasted 00:15:59 (9472 turns).

jasper the Fighter (Demigod Conjurer)               Turns: 9472, Time: 00:15:59

Health: -3/94      AC:  5    Str:  8    XL:     10   Next: 79%
Magic:  11/25      EV: 12    Int: 32    God:
Gold:   423        SH:  0    Dex: 12    Spells: 2/23 levels left

rFire   . . .        E - +5 broad axe (flame)
rCold   . . .        (no shield)
rNeg    . . .        F - +0 steam dragon scales
rPois   +            (no helmet)
rElec   .            (no cloak)
rCorr   .            (no gloves)
SInv    .            (no boots)
Will    ++...        z - amulet "Lewkurghoso" {RegenMP Rampage ^Drain rPois}
Stlth   ++           n - ring of willpower
HPRegen 0.35/turn    (no ring)
MPRegen 0.59/turn

%: rampage
@: very slightly contaminated
A: high MP 1, forlorn, divine attributes
a: no special abilities


You were on level 11 of the Dungeon.
You visited 1 branch of the dungeon, and saw 11 of its levels.

You collected 1199 gold pieces.
You spent 776 gold pieces at shops.

Inventory:

Hand Weapons
 d - a +0 hand axe
 x - a +0 quarterstaff of protection
 E - a +5 broad axe of flaming (weapon)
Missiles
 i - 32 poisoned darts
 y - 114 stones
 A - 6 curare-tipped darts
Armour
 a - a +1 robe
 o - a +0 ring mail
 B - a +0 ring mail of poison resistance
 F - +0 steam dragon scales (worn)
 K - the +0 robe "Tecsileo" {rElec rF+ Str+2}
   (You found it on level 8 of the Dungeon)

   Str+2:     It affects your strength (+2).
   rF+:       It protects you from fire.
   rElec:     It insulates you from electricity.
Jewellery
 g - an amulet of guardian spirit
 n - a ring of willpower (left hand)
 v - a ring of protection from fire
 z - the amulet "Lewkurghoso" (around neck) {RegenMP Rampage ^Drain rPois}
   (You found it on level 5 of the Dungeon)

   [amulet of magic regeneration]

   RegenMP:   It increases your rate of magic regeneration.
   rPois:     It protects you from poison ^Drain: It drains your maximum health
   when unequipped.
   Rampage:   It bestows one free step when moving towards enemies.
 C - a ring of flight
 D - a ring of fire
Wands
 h - a wand of digging (3)
 I - a wand of mindburst (3)
 J - a wand of polymorph (11)
Scrolls
 e - 7 scrolls of enchant armour
 k - a scroll of immolation
 p - 2 scrolls of teleportation
 t - 2 scrolls of blinking
 u - a scroll of identify
 G - a scroll of vulnerability
 H - a scroll of amnesia
Potions
 b - a potion of attraction
 c - a potion of berserk rage
 f - a potion of might
 j - a potion of enlightenment
 l - 5 potions of curing
 m - 2 potions of heal wounds
 q - 2 potions of haste
 r - a potion of lignification {unknown}
 s - 2 potions of mutation {unknown}
 w - 2 potions of brilliance {unknown}


   Skills:
 + Level 10.4 Fighting
 - Level 1.7 Dodging
 - Level 1.7 Stealth
 * Level 7.3 Spellcasting
 - Level 8.0 Conjurations
 - Level 4.0 Translocations
 - Level 2.0 Air Magic
 - Level 2.0 Alchemy


You had 2 spell levels left.
You knew the following spells:

 Your Spells              Type           Power      Damage    Failure   Level
a - Magic Dart            Conj           100%       1d8       1%          1
b - Searing Ray           Conj           100%       2d8       1%          2
c - Fulminant Prism       Conj/Alch      22%        3d12      4%          4
d - Iskenderun's Mystic   Conj/Tloc      50%        2d11      3%          4
e - Swiftness             Air            24%        N/A       5%          3
f - Passage of Golubria   Tloc           37%        N/A       8%          4
g - Mephitic Cloud        Conj/Alch/Air  37%        N/A       2%          3

Your spell library contained the following spells:

 Spells                   Type           Power      Damage    Failure   Level
 Shock                    Conj/Air       100%       1d9       1%          1
 Freeze                   Ice            44%        1d6       4%          1
 Dazzling Flash           Conj/Hex       74%        N/A       2%          3
 Hailstorm                Conj/Ice       37%        3d9       2%          3
 Frozen Ramparts          Ice            22%        1d4       12%         3
 Tukima's Dance           Hex            11%        N/A       12%         3
 Airstrike                Air            12%        2d(2-18)  17%         4
 Silence                  Hex/Air        9%         N/A       58%         5
 Yara's Violent Unravell  Hex/Alch       9%         3d6       58%         5
 Curse of Agony           Necr           11%        N/A       73%         5


Dungeon Overview and Level Annotations

Branches:
Dungeon (11/15)              Lair (0/5) D:8             Orc (0/2) D:9
 Temple: D:4-7

Shops:
D:5 *   D:8 (   D:10 :

Annotations:
D:3 1 transporter, Azoth's ghost, amateur FeSh
D:4 Edmund


Innate Abilities, Weirdness & Mutations

You have an increased reservoir of magic. (+10% MP)
You shall have no god before yourself.
Your divine heritage dramatically boosts your attributes as you level up.


Message History

You now have 15/25 mp.
Casting: Iskenderun's Mystic Blast (dangerous; 3% risk of failure)
Confirm with . or Enter, or press ? or * to list all spells.
Aiming: Fulminant Prism (dangerous; 4% risk of failure)
Press: ? - help, Dir - move target You miscast Fulminant Prism.
You are very lightly contaminated with residual magic.
Nothing appears to happen.
The yak misses you.
You now have 12/25 mp.
The yak attacks as it pursues you! The yak barely misses you.
Casting: Fulminant Prism (dangerous; 4% risk of failure)
Confirm with . or Enter, or press ? or * to list all spells.
Aiming: Fulminant Prism (dangerous; 4% risk of failure)
Press: ? - help, Dir - move target You conjure a prism of explosive energy!
A fulminant prism comes into view.
The yak gores you!
You take 15 damage, and have 62/94 hp.
You now have 9/25 mp.
You hit the yak. You burn the yak.
The yak is heavily wounded.
You barely miss the yak. x2
The boulder beetle curls into a ball and begins rolling!
The yak gores you. The yak gores you!
Your fulminant prism crackles loudly.
The yak closely misses you. The yak gores you but does no damage.
You take 15 damage, and have 47/94 hp.
You slice the yak!! You burn the yak.
You kill the yak!
You completely miss the yak. You hit the yak. You burn the yak.
You slash the two-headed ogre! You burn the two-headed ogre. The yak gores you!
Your fulminant prism explodes!
The blast of energy engulfs the boulder beetle.
The boulder beetle is lightly wounded.
The blast of energy engulfs the yak!
The yak is moderately wounded.
The blast of energy engulfs the two-headed ogre!
The two-headed ogre is severely wounded.
The yak barely misses you.
The two-headed ogre hits you with a +0 giant spiked club!!
You die...

.# #####'## #.# .# #..# #.# .#
#.## #.# +#### #.# #.# ....#
###'#### #.## ....# #......#
#..#### ....# #..>...# #......
....########......#
#####..####
....'......')...@Y#####......#
....########...Y.O'.....####.#
....# #......####### #.# #'###
#....B.# #.# ..# #####○## #.#
.## #.○# #.# .# ##Y# .# #####
... .. ....# O....


You could see a boulder beetle (rolling), a two-headed ogre and 3 yaks.

Vanquished Creatures
  A two-headed ogre (D:11)
  Pikel (D:8)
  A cyclops (D:11)
  Maggie (D:7)
  A kobold demonologist (D:11)
  A freezing wraith (D:11)
  A hornet (D:8)
  A troll (D:9)
  A wyvern (D:11)
  14 yaks
  A shadow (D:11)
  A steam dragon (D:7)
  Menkaure (D:7)
  A water moccasin (D:6)
  3 ice beasts
  2 sky beasts
  An acid dragon (D:9)
  An orc warrior (D:8)
  2 centaurs
  4 kobold brigands
  Blork the orc (D:4)
  4 bullfrogs
  6 scorpions
  5 wights (D:10)
  5 killer bees (D:7)
  5 howler monkeys (D:8)
  5 bombardier beetles
  3 jellies
  A gnoll bouda (D:10)
  A hound (D:6)
  3 orc priests
  A sleepcap (D:6)
  2 iguanas
  An orc wizard (D:10)
  4 gnolls (D:10)
  A shadow imp (D:5)
  5 white imps
  2 ufetubi (D:5)
  A ribbon worm (D:3)
  3 dart slugs
  12 orcs
  6 ball pythons
  An endoplasm (D:3)
  A giant cockroach (D:2)
  8 goblins
  4 hobgoblins
  3 quokkas
  7 bats
  4 frilled lizards
  17 kobolds
  3 rats (D:2)
165 creatures vanquished.

Vanquished Creatures (others)
  42 fulminant prisms
42 creatures vanquished.

Grand Total: 207 creatures vanquished

Notes
Turn   | Place    | Note
-------+----------+-------------------------------------------
     0 | D:1      | jasper the Demigod Conjurer began the quest for the Orb.
     0 | D:1      | Reached XP level 1. HP: 14/14 MP: 5/5
   404 | D:1      | Reached XP level 2. HP: 22/22 MP: 0/7
   407 | D:1      | Learned a level 2 spell: Searing Ray
  1182 | D:2      | Reached skill level 1 in Fighting
  1560 | D:2      | Reached XP level 3. HP: 27/28 MP: 3/8
  2278 | D:3      | Noticed Azoth's ghost (amateur FeSh)
  2279 | D:3      | Found a transporter.
  2280 | D:3      | Noticed an ogre
  2282 | D:3      | Noticed an ogre
  2618 | D:4      | Noticed Edmund
  2686 | D:4      | Noticed Blork the orc
  2698 | D:4      | Killed Blork the orc
  2699 | D:4      | Reached skill level 2 in Fighting
  2699 | D:4      | Reached skill level 5 in Conjurations
  2699 | D:4      | Reached XP level 4. HP: 6/36 MP: 5/9
  2704 | D:4      | Learned a level 4 spell: Fulminant Prism
  2826 | D:4      | Reached XP level 5. HP: 42/42 MP: 0/10
  3028 | D:5      | Entered Level 5 of the Dungeon
  3040 | D:5      | Found Ummiostrita's Assorted Antiques.
  3099 | D:5      | Bought a scroll labelled DEOXKO RULIF for 24 gold pieces
  3099 | D:5      | Bought a scroll labelled DEOXKO RULIF for 24 gold pieces
  3099 | D:5      | Bought a scroll labelled MASALI XYODUIM for 24 gold pieces
  3099 | D:5      | Bought a scroll labelled VOIBAID AZAEGH for 24 gold pieces
  3261 | D:5      | Reached skill level 3 in Fighting
  3347 | D:5      | Reached XP level 6. HP: 11/51 MP: 1/11
  3777 | D:5      | Identified the amulet "Lewkurghoso" {RegenMP Rampage ^Drain
                  | rPois}
  4037 | D:6      | Reached XP level 7. HP: 50/58 MP: 7/13
  4072 | D:6      | Reached skill level 4 in Fighting
  4447 | D:6      | Reached skill level 5 in Fighting
  4447 | D:6      | Reached skill level 1 in Alchemy
  4447 | D:6      | Reached XP level 8. HP: 47/68 MP: 8/14
  4824 | D:6      | Learned a level 4 spell: Iskenderun's Mystic Blast
  5269 | D:7      | Noticed Menkaure
  5277 | D:7      | Killed Menkaure
  5278 | D:7      | Reached skill level 6 in Fighting
  5286 | D:7      | Noticed Maggie
  5527 | D:7      | Killed Maggie
  5528 | D:7      | Reached skill level 7 in Fighting
  5670 | D:8      | Reached XP level 9. HP: 57/79 MP: 0/17
  5674 | D:8      | Learned a level 3 spell: Swiftness
  5824 | D:8      | Found a staircase to the Lair.
  5905 | D:8      | Reached skill level 1 in Air Magic
  5906 | D:8      | Noticed Pikel
  5925 | D:8      | Killed Pikel
  5926 | D:8      | Reached skill level 8 in Fighting
  6047 | D:8      | Reached skill level 5 in Spellcasting
  6174 | D:8      | Found Qauplac's Weapon Shoppe.
  6249 | D:8      | Learned a level 4 spell: Passage of Golubria
  6265 | D:8      | Identified the +0 robe "Tecsileo" {rElec rF+ Str+2}
  6478 | D:8      | Identified a scroll of acquirement
  6478 | D:8      | Acquired 674 gold pieces
  6943 | D:9      | Found a staircase to the Orcish Mines.
  7017 | D:9      | Reached skill level 9 in Fighting
  7017 | D:9      | Reached XP level 10. HP: 76/91 MP: 9/22
  7317 | D:10     | Entered Level 10 of the Dungeon
  7935 | D:10     | Reached skill level 10 in Fighting
  8057 | D:10     | Found Doclem's Book Emporium.
  8061 | D:10     | Bought a book of the Senses for 680 gold pieces
  8065 | D:10     | Learned a level 3 spell: Mephitic Cloud
  8765 | D:11     | Noticed a cyclops
  8774 | D:11     | Killed a cyclops
  9000 | D:11     | Noticed a two-headed ogre
  9006 | D:11     | Killed a two-headed ogre
  9457 | D:11     | Noticed a two-headed ogre
  9458 | D:11     | Noticed a boulder beetle
  9472 | D:11     | Slain by a two-headed ogre

Illustrated notes

Levels and vault maps discovered:
D:1:      evilmike_arrival_crescent, layout_rooms, minmay_misc_feat_x,
          chequers_serial_rivers_room_a, chequers_serial_rivers_room_b
D:2:      layout_loops_ring, hellmonk_ecumenical_altar_run_dry,
          hangedman_glass_teeth, minmay_domino_2
D:3:      layout_loops_ring, gammafunk_ghost_smash
D:4:      layout_gridville, uniq_edmund, uniq_blork_the_orc
D:5:      layout_gridville, serial_shops, nicolae_shop_overgrown_old_shop
D:6:      minmay_inner_zag, layout_loops_ring, minmay_misc_feat_nine_boxes
D:7:      layout_rooms, fedhas_altar_4, minmay_temple_entry_enclosed_plants,
          uniq_menkaure, uniq_maggie
D:8:      layout_rooms, lair_entry_dummy, serial_shops, shop_statue, uniq_pikel
D:9:      corexii_shack_village, layout_long_grid, orc_0_dummy
D:10:     layout_grid_maze, serial_shops, nicolae_book_shop_shelving
D:11:     layout_roguey, hellmonk_sif_muna_bookshelves

Skill      XL: |  1  2  3  4  5  6  7  8  9 10 |
---------------+-------------------------------+-----
Spellcasting   | 2 3 5 7 |  7.3
Conjurations   | 4 5 6 8 |  8.0
Fighting       | 1 2 3 5 7 9 10 | 10.4
Alchemy        | 1 2 |  2.0
Translocations | 2 3 4 |  4.0
Air Magic      | 2 |  2.0
Dodging        | |  1.7
Stealth        | |  1.7

Action                     |  1- 3 |  4- 6 |  7- 9 | 10-12 || total
---------------------------+-------+-------+-------+-------++-------
  Melee: Hand axe          |     2 |     3 |       |       ||     5
         Quarterstaff      |       |    10 |     2 |       ||    12
         Broad axe         |       |       |     4 |    12 ||    16
         Punch             |       |       |       |     1 ||     1
   Cast: Magic Dart        |    68 |    41 |    36 |    51 ||   196
         Searing Ray       |     8 |    13 |    40 |    11 ||    72
         Fulminant Prism   |       |       |    18 |    24 ||    42
         Iskenderun's Myst |       |       |     7 |     6 ||    13
    Use: Scroll            |     2 |     1 |    13 |     2 ||    18
         Potion            |     1 |     1 |       |       ||     2
 Armour: Robe              |    12 |    16 |    24 |       ||    52
         Steam dragon scal |       |       |    15 |    40 ||    55
  Dodge: Dodged            |    15 |    21 |    46 |    23 ||   105

Table legend: (Time is in decaauts)
 A = Elapsed time spent in this place.
 B = Non-inter-level travel time spent in this place.
 C = Inter-level travel time spent in this place.
 D = Time resting spent in this place.
 E = Time spent auto-exploring this place.
 F = Levels seen in this place.
 G = Mean time per level.
                   A        B        C        D        E       F      G
               +--------+--------+--------+--------+--------+-----+--------+
         Total |   9490 |   9188 |    302 |    523 |   7563 |  11 |  862.7 |
       Dungeon |   9490 |   9188 |    302 |    523 |   7563 |  11 |  862.7 |
               +--------+--------+--------+--------+--------+-----+--------+

Top non-repeatable levels by time:
     D:6: 1622 daAuts
    D:10: 1234 daAuts
     D:8: 946 daAuts
    D:11: 933 daAuts
     D:3: 891 daAuts
     D:5: 890 daAuts
     D:2: 872 daAuts
     D:1: 845 daAuts
     D:9: 709 daAuts
     D:4: 418 daAuts
     D:7: 126 daAuts
